Map: 2000 Atmospheres LE

Players

AGOElazer (Elazer)

  • Race: Zerg Zerg
  • League: Grandmaster

BlyOnFire (Bly) - Winner!

  • Race: Zerg Zerg

Event: DreamHack SC2 Masters 2021 Summer

VOD

Have the link to the VOD?

Description

Time

  • Played on: May 25, 2021, 10:16 a.m.
  • Length: 7:35

All games in this series

Show
View Real Time Build Order
Export as new Build Order

AGOElazer Zerg 

Build Orders: Hatch First 

Get SALT Encoding   

  12  0:00  Drone  
  13  0:12  Overlord  
  13  0:17  Drone  
  14  0:30  Drone x2  
  16  0:47  Hatchery  
  15  0:51  Drone  
  15  0:55  Drone  
  17  0:58  Drone  
  18  1:09  Extractor  
  17  1:13  Spawning Pool  
  17  1:16  Drone  
  17  1:19  Drone  
  18  1:28  Drone  
  19  1:38  Drone  
  20  1:51  Drone  
  21  1:59  Queen x2  
  21  2:00  Zergling x2  
  26  2:04  Overlord  
  26  2:08  Metabolic Boost  
  26  2:10  Drone  
  26  2:11  Drone  
  28  2:22  Drone x2  
  30  2:32  Hatchery  
  30  2:35  Drone  
  30  2:37  Drone  
  30  2:44  Drone  
  32  2:45  Overlord  
  32  2:53  Evolution Chamber  
  32  2:54  Drone x2  
  33  3:05  Drone x2  
  35  3:07  Zergling x8  
  35  3:10  Zergling x2  
  40  3:13  Drone  
  40  3:17  Overlord  
  40  3:18  Drone  
  42  3:24  Zerg Ground Armor Level 1  
  42  3:29  Drone x2  
  44  3:38  Drone  
  44  3:40  Drone x3, Roach Warren  
  47  3:42  Drone  
  47  3:45  Drone  
  49  3:51  Drone x4  
  49  3:55  Extractor  
  52  3:56  Extractor  
  52  3:57  Overlord  
  52  4:02  Drone  
  52  4:03  Drone  
  52  4:07  Drone  
  54  4:10  Queen  
  54  4:11  Drone x2  
  58  4:18  Drone x2  
  58  4:21  Roach x2  
  58  4:24  Overlord  
  64  4:27  Drone x2  
  66  4:33  Overlord x2  
  66  4:43  Drone x3  
  69  4:46  Lair, Overlord  
  69  4:51  Roach x4  
  77  4:53  Overlord  
  77  4:57  Drone x2  
  77  4:59  Extractor, Overlord  
  80  5:07  Roach x2  
  80  5:12  Overlord  
  80  5:13  Roach  
  80  5:14  Roach  
  86  5:17  Roach x5  
  86  5:20  Zerg Missile Weapons Level 1  
  96  5:24  Overlord  
  96  5:29  Queen, Roach  
  96  5:31  Queen  
  102  5:40  Drone x3  
  102  5:41  Drone x4  
  109  5:43  Spore Crawler  
  109  5:45  Spore Crawler  
  109  5:46  Spore Crawler  
  104  5:51  Spore Crawler  
  100  5:59  Glial Reconstitution  
  100  6:03  Spore Crawler  
  99  6:05  Drone x9  
  99  6:07  Spore Crawler  
  99  6:09  Queen  
  109  6:16  Overlord  
  109  6:17  Extractor, Hydralisk Den  
  107  6:21  Overlord  
  107  6:22  Overlord x2  
  107  6:31  Overlord x3  
  107  6:44  Roach x7  
  121  6:47  Overlord  
  121  6:50  Roach  
  121  6:51  Roach x2  
  121  6:52  Roach  
  129  6:59  Roach x3  
  109  7:09  Roach x3  
  95  7:16  Roach  
Show
View Real Time Build Order
Export as new Build Order

BlyOnFire Zerg - Winner!

Build Orders: Hatch First 

Get SALT Encoding   

  12  0:00  Drone  
  13  0:12  Overlord  
  13  0:18  Drone  
  14  0:30  Drone x2  
  16  0:47  Hatchery  
  15  0:53  Drone  
  15  0:56  Drone  
  17  0:58  Drone  
  18  1:10  Extractor  
  17  1:12  Spawning Pool  
  17  1:16  Drone  
  18  1:18  Drone  
  18  1:27  Drone  
  19  1:38  Drone  
  20  1:51  Overlord  
  20  1:59  Queen x2  
  24  2:02  Drone x2  
  26  2:10  Drone x2  
  28  2:21  Zergling x2, Overlord  
  29  2:33  Drone x2  
  29  2:35  Queen  
  33  2:42  Lair  
  33  2:44  Drone  
  33  2:45  Drone  
  35  2:55  Drone x2  
  37  3:04  Drone, Overlord  
  38  3:07  Extractor  
  38  3:09  Drone x6  
  43  3:19  Overlord  
  43  3:22  Extractor  
  43  3:24  Drone  
  43  3:31  Evolution Chamber  
  43  3:33  Drone x2  
  44  3:38  Roach Warren  
  42  3:41  Drone x3  
  42  3:42  Drone x5  
  50  3:52  Evolution Chamber  
  50  3:54  Drone  
  50  3:55  Drone  
  51  3:58  Extractor, Spire  
  49  4:03  Drone  
  49  4:04  Overlord  
  50  4:12  Zerg Missile Weapons Level 1  
  50  4:18  Overlord  
  50  4:29  Overlord  
  50  4:31  Glial Reconstitution  
  50  4:34  Overlord  
  50  4:49  Overlord  
  50  5:05  Drone  
  50  5:06  Drone  
  52  5:09  Mutalisk x6  
  64  5:14  Hatchery  
  64  5:18  Overlord  
  63  5:24  Roach x7  
  77  5:36  Roach  
  77  5:37  Roach  
  77  5:38  Nydus Network  
  80  5:56  Roach x6  
  80  5:57  Roach x2  
  96  6:03  Roach x3  
  102  6:08  Hatchery, Roach  
  103  6:13  Roach  
  105  6:20  Roach  
  105  6:21  Overlord  
  105  6:23  Overlord  
  107  6:30  Overlord  
  107  6:34  Nydus Canal  
  107  6:38  Overlord  
  107  6:43  Overlord  
  107  6:44  Roach x4  
  115  6:50  Roach x4  
  123  6:59  Roach x3  
  125  7:02  Roach  
  125  7:11  Roach  
  125  7:12  Nydus Canal, Roach  
Tags
 
Add a new tag
Caveats
  • Supply blocks, unpowered buildings, or Contaminate may cause inaccurate times.
  • Supply counts are checked every 10 seconds.